woodfighter, lawful female human Monk ------ ----------- |..... |.........| |....| # #...<...)..| |@.>..####### #------.---- ----+-####################################### ### # ### -------------# # # |`.........`|# # # |.....`.....|# # # +...-----...|# # # |.....{.|...|% # # |..`|{.{|`...## # ### |...|.{.|...|###### # # |...-----....######-+-.--# ##### |.....`.....| ##|.....## + + |`.........`| ##.....|# ------------- #|....| |....| ------ woodfighter the Initiate Experience level: 7 Strength: 14 Dexterity: 15 Constitution: 13 Intelligence: 9 Wisdom: 19 Charisma: 8 Health: 0(51) Energy: 40(40) Def: 7 Gold: 657 Moves: 2574 Dungeon seed: f9zPv8w_dQNagsaD Game ID: woodfighter_1533567831 Your Inventory: Coins $ - 657 gold pieces Weapons l - 12 +0 shuriken (in quiver) Armor e - an uncursed +2 pair of leather gloves (being worn) n - an uncursed +1 robe (being worn) q - a blessed +0 mummy wrapping Y - an uncursed +0 orcish helm (being worn) Comestibles g - 7 uncursed apples h - 7 uncursed oranges i - 5 uncursed fortune cookies m - 2 uncursed sprigs of wolfsbane H - 3 uncursed tripe rations J - an uncursed lichen corpse S - an uncursed carrot Scrolls a - an uncursed scroll of taming b - 2 uncursed scrolls of confuse monster s - an uncursed scroll of remove curse t - an uncursed scroll of fire w - a cursed scroll of identify A - 2 uncursed scrolls of scare monster I - an uncursed scroll of magic mapping Potions c - an uncursed potion of fruit juice d - a blessed potion of gain energy o - 3 uncursed potions of hallucination Z - an uncursed potion of speed Rings p - an uncursed +2 ring of stealth r - an uncursed ring of protection from shape changers F - an uncursed ring of protection from shape changers W - a cursed ring of teleportation Wands j - a wand of enlightenment (0:3) Q - a wand of enlightenment (0:12) Tools f - an uncursed blindfold k - an uncursed oil lamp (0:1402) y - an uncursed skeleton key E - an uncursed magic lamp K - an uncursed bugle Spells and supernatural/magical abilities: Name Level Category Fail Memory p - protection 1 clerical 0% 88% W - pray for help -- divine ? -- Your skills at the end: Miscellaneous Skills martial arts [Skilled] wands [Basic] Weapon Skills shuriken [Basic] Spellcasting Skills healing spells [Basic] Final Attributes: You were fervently aligned. You were sleep resistant. You were poison resistant. You saw invisible. You were warned. You were very stealthy. You were fast. You are dead. Vanquished creatures: an elf mummy 2 winter wolf cubs a leprechaun an orc-captain a gold golem a dog a housecat a blue jelly 5 bugbears 2 rock piercers 3 shriekers 3 gnome lords a red naga hatchling a gray ooze an elf zombie 2 giant ants a puppy an iguana 2 rothes a jitterbug 2 giant bats 2 killer bees a gas spore 2 large kobolds a gecko 9 hobgoblins 2 giant rats 4 cave spiders a yellow mold a red mold 6 manes a gnome zombie 4 jackals a kobold 2 newts 3 goblins a sewer rat 3 grid bugs 3 bats 2 lichens 2 kobold zombies 85 creatures vanquished. Voluntary challenges: You were vegetarian. You had followed a strict vegan diet until turn 2489. You did not adorn yourself with jewelry or accessories. You did not cause conflict. You were not invisible. You did not have reflection. You were not displaced. You never hit with a wielded weapon. You did not apply a unicorn horn. You did not use plumbed fixtures. You did not drink any magical draughts. You were illiterate. You never genocided any monsters. You never polymorphed an object. You never changed form. You used no wishes. You never split a pudding. You never wrote Elbereth's name. You never violated your personal moral code. Dungeon overview: The Dungeons of Doom: levels 1 to 10 Level 1 (box) a sink a long staircase Level 2 an altar to Shan Lai Ching, a fountain Level 3 a general store Level 4 (fire brand) a general store stairs to The Gnomish Mines Level 5 Level 6 (stash by throne) an altar to Huan Ti, a throne Level 7 an altar to Huan Ti, a fountain Level 8 Level 9 <- You were here many fountains Level 10 The Gnomish Mines: Level 5 stairs to The Dungeons of Doom History has recorded: On T:1 you entered the Dungeons of Doom to retrieve the Amulet of Yendor! On T:13 you reached level 2 of The Dungeons of Doom. On T:273 you reached level 3 of The Dungeons of Doom. On T:589 you reached level 4 of The Dungeons of Doom. On T:630 you advanced to experience level 2. On T:897 you reached level 5 of The Dungeons of Doom. On T:973 you advanced to experience level 3. On T:1007 you reached level 1 of The Gnomish Mines. On T:1132 you reached level 6 of The Dungeons of Doom. On T:1234 you advanced to experience level 4. On T:1473 you reached level 7 of The Dungeons of Doom. On T:1536 you advanced to experience level 5. On T:1648 you advanced to experience level 6. On T:1848 you reached level 8 of The Dungeons of Doom. On T:2168 you advanced to experience level 7. On T:2286 you reached level 9 of The Dungeons of Doom. On T:2570 you reached level 10 of The Dungeons of Doom. Score breakdown: Gold: 657 ( 65 points) Experience: 7 levels ( 600 points) Exploration: 10 levels ( 270 points) Discoveries: 15 items ( 750 points) Variety of kills: 41 monsters ( 2000 points) Major goal: (nothing yet) ( 0 points) Survival: died (score multiplied by 3) Total score: 11055 Latest messages: You stop exploring. You strike the red naga hatchling! You kill the red naga hatchling! Kitty eats a red naga hatchling corpse. You see here a statue of a forest centaur. You see here a statue of a mountain centaur. You see here a statue of a forest centaur. "Hello, woodfighter, welcome to Delphi!" You stop exploring. You strike the dog! The dog bites! You kill the dog! You strike the giant bat! The giant bat bites! You kill the giant bat! You see here a giant bat corpse. A shrieker blocks your way. You kill the shrieker! t - a scroll labeled NR 9. You strike the blue jelly! You are suddenly very cold! You strike the blue jelly! You kill the blue jelly! You see here a blue jelly corpse. You step onto a polymorph trap, and change comes over you. You shudder for a moment. You die... Final status: Goodbye woodfighter the Monk, killed by a system shock... You died in The Dungeons of Doom on dungeon level 9 with 11055 points, and 657 pieces of gold, after 2574 moves. You were level 7 with a maximum of 51 hit points when you died.